 Dungeon Crawl Stone Soup version 0.30-a0-779-g7971cf19c3 (webtiles) character file.

Game seed: 13435993190863572162

11 Absynth the Insei (level 2, -3/22 HPs)
             Began as a Demigod Transmuter on Feb 17, 2023.
             Slain by a gnoll
             ... wielding a +0 whip
              (5 damage)
             ... on level 1 of the Dungeon.
             The game lasted 00:02:34 (1009 turns).

Absynth the Insei (Demigod Transmuter)              Turns: 1009, Time: 00:02:35

Health: -3/22      AC:  2    Str: 11    XL:     2   Next: 6%
Magic:  4/7        EV: 12    Int: 15    God:
Gold:   32         SH:  0    Dex: 14    Spells: 1/4 levels left

rFire   . . .      SeeInvis .      - Unarmed
rCold   . . .      Faith    .    (no shield)
rNeg    . . .      Spirit   .    a - +0 robe
rPois   .          Reflect  .    (helmet currently unavailable)
rElec   .          Harm     .    (no cloak)
rCorr   .          Rampage  .    (no gloves)
Will    .....                    (boots currently unavailable)
Stlth   +                        (no amulet)
HPRegen 0.23/turn                (no ring)
MPRegen 0.10/turn                (no ring)

@: appendages, wereblooded
A: horns 2, talons 2, high MP 1, forlorn, divine attributes
a: End Transformation


You were on level 1 of the Dungeon.
You had temporarily grown beastly horns and talons.
You visited 1 branch of the dungeon, and saw 2 of its levels.

You collected 32 gold pieces.

Inventory:

Missiles
 e - 11 poisoned darts
Armour
 a - a +0 robe (worn)
Scrolls
 d - a scroll of magic mapping {unknown}
 g - a scroll of identify {unknown}
 i - 2 scrolls of teleportation {unknown}
Potions
 b - a potion of lignification
 c - a potion of mutation {unknown}
 f - a potion of ambrosia {unknown}
 h - a potion of brilliance {unknown}


   Skills:
 - Level 0.8 Fighting
 + Level 1.9 Dodging
 * Level 2.9 Unarmed Combat
 + Level 1.9 Spellcasting
 * Level 2.1 Transmutations


You had one spell level left.
You knew the following spells:

 Your Spells              Type           Power      Damage    Failure   Level
a - Beastly Appendage     Tmut           14%        N/A       10%         1
w - Wereblood             Tmut           7%         N/A       14%         2

Your spell library contained the following spells:

 Spells                   Type           Power      Damage    Failure   Level
 Kiss of Death            Conj/Necr      4%         2d5       22%         1
 Spider Form              Tmut/Pois      4%         N/A       41%         3
 Confusing Touch          Hex            1%         N/A       56%         3
 Ice Form                 Ice/Tmut       4%         N/A       82%         4
 Dispel Undead            Necr           1%         3d6       92%         4


Dungeon Overview and Level Annotations

Branches:
Dungeon (2/15)


Innate Abilities, Weirdness & Mutations

You have temporarily grown beastly horns and talons.
You have an increased reservoir of magic. (+10% MP)
You shall have no god before yourself.
Your divine heritage dramatically boosts your attributes as you level up.


Message History

You climb downwards.
Found a dark potion.
There is a stone staircase leading up here.
You climb upwards.
There is a stone staircase leading down here.
There is a stone staircase leading down here.
You climb downwards.
There is a stone staircase leading up here.
Found 8 gold pieces.
A gnoll and a frilled lizard come into view.
The gnoll shouts!
You hear a shout!
The gnoll shouts!
There is a stone staircase leading up here.
An adder comes into view.
The adder hisses angrily. 2 gnolls come into view.
The gnoll shouts!
You hear an angry hiss.
The gnoll moves out of view.
There is a stone staircase leading up here.
The adder closely misses you. The gnoll hits you with a +0 whip.
The gnoll barely misses you.
You climb upwards.
There is a stone staircase leading down here.
Casting: Beastly Appendage (safe; 10% risk of failure)
Confirm with . or Enter, or press ? or * to list all spells.
Your blood is infused with primal strength.
The adder misses you. The gnoll completely misses you.
The gnoll closely misses you. The adder bites you but does no damage.
Casting: Wereblood (safe; 14% risk of failure)
Confirm with . or Enter, or press ? or * to list all spells.
You grow a pair of large bovine horns.
Your feet morph into talons.
The gnoll hits you with a +0 whip. The gnoll hits you with a +0 halberd!
Ouch! That really hurt!
* * * LOW HITPOINT WARNING * * *
The adder bites you.
* * * LOW HITPOINT WARNING * * *
You closely miss the adder. You headbutt the adder!
The adder is almost dead.
The adder closely misses you. The gnoll hits you with a +0 whip.
You die...

..######...##.##.# #.# ...#
#..........# #.# ...#
#.....####.# ######.#
..######....####.# #......#
.###..###.....##.#####.#....#
###....###..#.#.....##.#.##.#
##......##..#.#.....##.#....#
.................g..##.####.#
............###g@S..##.####.#
###########.# #########.....#
.....######.###############.#
####.##..............# #.#
####.##..............# #.#
..##.##..######'###..# #.#
#.#..##..#........#..# #.#
#.#......#........#..######.#
.....##..#........+..##.....#


You could see 2 gnolls and an adder.

Vanquished Creatures
  A dart slug (D:1)
  An endoplasm (D:1)
  2 goblins (D:1)
  2 frilled lizards (D:1)
  2 kobolds (D:1)
  3 rats (D:1)
11 creatures vanquished.

Notes
Turn   | Place    | Note
-------+----------+-------------------------------------------
     0 | D:1      | Absynth the Demigod Transmuter began the quest for the Orb.
     0 | D:1      | Reached XP level 1. HP: 15/15 MP: 5/5
   565 | D:1      | Reached XP level 2. HP: 20/22 MP: 7/7
   651 | D:1      | Learned a level 2 spell: Wereblood
  1009 | D:1      | Slain by a gnoll

Illustrated notes

Levels and vault maps discovered:
D:1:      lemuel_arrival_room, layout_loops_cross, minivault_19,
          nicolae_hexahallways, minmay_tripent
D:2:      kennysheep_six_static_rooms, layout_basic, minmay_misc_feat_columns

Skill      XL: |  1 |
---------------+----+-----
Transmutations | 2 |  2.1
Fighting       | |  0.8
Dodging        | |  1.9
Unarmed Combat | |  2.9
Spellcasting   | |  1.9

Action                     || total
---------------------------++-------
  Melee: Unarmed           ||    32
         Kick              ||     6
         Headbutt          ||     5
   Cast: Beastly Appendage ||    10
         Wereblood         ||     1
   Stab: Sleeping          ||     1
 Armour: Robe              ||     4
  Dodge: Dodged            ||    16

Table legend: (Time is in decaauts)
 A = Elapsed time spent in this place.
 B = Non-inter-level travel time spent in this place.
 C = Inter-level travel time spent in this place.
 D = Time resting spent in this place.
 E = Time spent auto-exploring this place.
 F = Levels seen in this place.
 G = Mean time per level.
                   A        B        C        D        E       F      G
               +--------+--------+--------+--------+--------+-----+--------+
         Total |   1008 |    914 |     94 |     23 |    751 |   2 |  504.0 |
       Dungeon |   1008 |    914 |     94 |     23 |    751 |   2 |  504.0 |
               +--------+--------+--------+--------+--------+-----+--------+

Top non-repeatable levels by time:
     D:1: 989 daAuts
     D:2: 18 daAuts
